 Dungeon Crawl Stone Soup version 0.19-a0-1170-g18f0c96 (webtiles) character file.

102 JustSomeDude the Skirmisher (level 4, -4/37 HPs)
             Began as a Demonspawn Fighter on Aug 17, 2016.
             Was an Initiate of Yredelemnul.
             Slain by an orc
             ... wielding a +0 flail
              (10 damage)
             ... on level 4 of the Dungeon.
             The game lasted 00:02:17 (422 turns).

JustSomeDude the Skirmisher (Demonspawn Fighter)     Turns: 422, Time: 00:02:18

Health: -4/37      AC:  6    Str: 17    XL:     4   Next: 50%
Magic:  4/4        EV:  7    Int: 10    God:    Yredelemnul [......]
Gold:   19         SH:  9    Dex: 12    Spells: 0 memorised, 3 levels left

rFire  . . .     SeeInvis .     a - +0 long sword
rCold  + . .     Gourm    .     b - +0 scale mail
rNeg   . . .     Faith    .     c - +0 shield (curse)
rPois  .         Spirit   .     (no helmet)
rElec  .         Dismiss  .     (no cloak)
rCorr  .         Reflect  .     (no gloves)
MR     .....     Harm     .     (no boots)
Stlth  ..........               (no amulet)
                                (no ring)
                                (no ring)

@: very slow
A: cold resistance 1
a: Renounce Religion


You were on level 4 of the Dungeon.
You worshipped Yredelemnul.
Yredelemnul was noncommittal.
You were not hungry.

You visited 1 branch of the dungeon, and saw 4 of its levels.

You collected 19 gold pieces.

Inventory:

Hand Weapons
 a - a +0 long sword (weapon)
Armour
 b - a +0 scale mail (worn)
 c - a cursed +0 shield (worn)
Jewellery
 g - a +3 ring of strength {unknown}
Scrolls
 e - a scroll of fear {unknown}
Comestibles
 d - 5 chunks of flesh
 f - a bread ration


   Skills:
 + Level 3.9 Fighting
 + Level 2.2 Long Blades
 + Level 3.4 Armour
 + Level 3.3 Shields


You had 3 spell levels left.
You didn't know any spells.

Dungeon Overview and Level Annotations

Branches:
Dungeon (4/15)
 Temple: D:4-7

Altars:
Cheibriados
Dithmenos
Yredelemnul
The Shining One


Innate Abilities, Weirdness & Mutations

Your flesh is cold resistant. (rC+)


Message History

Things that are here:
2 stones; a hand axe; an orc corpse You now have 19 gold pieces (gained 10).
An orc comes into view. It is wielding a flail.
The orc shouts!
The orc moves out of view.
You start resting.
Things that are here:
a flail; a scroll labeled BUUFOL MERA; an orc corpse The orc hits you but does no damage.
You closely miss the orc. You block the orc's attack.
You slash the orc!
You kill the orc!
Yredelemnul accepts your kill. You block the orc's attack.
Things that are here:
a flail; a scroll labeled BUUFOL MERA; an orc corpse You barely miss the orc.
The orc hits you with a flail!
You die...
Your body rises from the dead as a mindless zombie.

#.. # ... # o.. # ....
#### ..##..## # ##..
.'....# # ≈.....#)...# #
≈..o..#....# #
#....##@(## #
##....##o).##############
....../....#.....##..##.#
...........#.............
##.........#.............
#........†'..###.###....
...........#.##≈#'#≈##...
##....###.#####_..._#####
#.... #.# #######


You could see an orc.

Vanquished Creatures
  A howler monkey (D:4)
  A worker ant (D:4)
  2 adders
  2 dart slugs
  4 orcs (D:4)
  2 hobgoblins (D:2)
  2 jackals (D:2)
  A bat (D:3)
  A kobold (D:3)
  A rat (D:2)
17 creatures vanquished.

Notes
Turn   | Place    | Note
-------+----------+-------------------------------------------
     0 | D:1      | JustSomeDude the Demonspawn Fighter began the quest for the Orb.
     0 | D:1      | Reached XP level 1. HP: 18/18 MP: 1/1
   131 | D:2      | Found a glowing golden altar of the Shining One.
   131 | D:2      | Found a shadowy altar of Dithmenos.
   149 | D:2      | Became a worshipper of Dithmenos the Shadowed
   170 | D:2      | Gained mutation: Your flesh is cold resistant. (rC+) [demonic ancestry]
   170 | D:2      | Reached XP level 2. HP: 19/24 MP: 2/2
   276 | D:4      | Reached XP level 3. HP: 9/30 MP: 3/3
   313 | D:4      | Found a basalt altar of Yredelemnul.
   313 | D:4      | Found a snail-covered altar of Cheibriados.
   317 | D:4      | Fell from the grace of Dithmenos
   317 | D:4      | Became a worshipper of Cheibriados the Contemplative
   322 | D:4      | Fell from the grace of Cheibriados
   322 | D:4      | Became a worshipper of Yredelemnul the Dark
   337 | D:4      | Reached XP level 4. HP: 11/37 MP: 4/4
   422 | D:4      | Slain by an orc

Vault maps used:
D:1:      minmay_arrival_widening_spiral_wide, dk_noncrumbling_3
D:2:      minmay_diamond_boxcup, amethyst_overflow_temple_binary,
          kiku_gazebo_pond_becter, first_bread, uniq_sigmund
D:3:      okawaru_metal_pillars_3
D:4:      gammafunk_temple_overflow_elements, serial_shops, shop_statue,
          kennysheep_mini_moat, nicolae_shop_waterfront,
          nicolae_gozag_cash_rules_everything_around_me

Skill      XL: |  1  2  3 |
---------------+----------+-----
Armour         | 3 |  3.4
Shields        | 3 |  3.3
Long Blades    | 2 |  2.2
Fighting       | |  3.9

Action                   |  1- 3 |  4- 6 || total
-------------------------+-------+-------++-------
Melee: Long sword        |    46 |    27 ||    73
  Use: Potion            |     2 |       ||     2
Armor: Scale mail        |    16 |     9 ||    25
Dodge: Dodged            |    16 |     8 ||    24
Block: Shield            |    25 |    22 ||    47
